AoeStats
← A silly fella

Arabia

509438722Analyzed
2v2 RM · 7d ago on Sep 26, 2026· 39m 54s· 4 players
Game mode
Random Map
Map size
Medium (4 player)
Population
200
Speed
Normal
Resources
Standard
Victory
Conquest
Starting age
Dark Age
Ending age
Imperial Age
RankedLock teamsTeams togetherTeam positionsShared explorationLock speedFull tech treeHidden civsTurbo modeCheats
Victory
Defeat
🇩🇪 Teutons · Germany
1037
+14
🇩🇪 Maya · Germany
1032
+14
🇩🇪 Magyars · Germany
1007
-14
🇩🇪 Huns · Germany
987
-14
Walls vs Zombies 2009
7:49 Loom
9:52 Feudal Age
10:36 Double-Bit Axe
11:55 Horse Collar
16:41 Wheelbarrow
20:20 Castle Age
19:02 Bloodlines
19:43 Gold Mining
21:16 Hand Cart
21:19 Bow Saw
23:16 Scale Barding Armor
24:31 Chain Barding Armor
28:25 Town Watch
38:33 Fletching
A silly fella
0:32 Loom
10:59 Feudal Age
13:10 Double-Bit Axe
22:43 Castle Age
21:34 Gold Mining
21:29 Horse Collar
23:17 Padded Archer Armor
23:08 Fletching
28:41 Wheelbarrow
30:18 Bodkin Arrow
36:51 Gold Shaft Mining
Peppe
6:32 Loom
10:16 Feudal Age
10:58 Double-Bit Axe
20:07 Castle Age
18:25 Horse Collar
19:28 Gold Mining
19:52 Forging
19:42 Scale Mail Armor
21:47 Wheelbarrow
21:23 Eagle Warrior
22:05 Squires
23:41 Chain Mail Armor
31:16 Fletching
33:05 Padded Archer Armor
35:12 Ballistics
38:13 Bodkin Arrow
40:18 Hand Cart
Casi
7:22 Loom
10:20 Feudal Age
11:08 Double-Bit Axe
12:56 Horse Collar
15:30 Bloodlines
16:38 Wheelbarrow
17:10 Forging
21:33 Castle Age
19:47 Gold Mining
23:02 Bow Saw
24:04 Heavy Plow
24:49 Pikeman
27:07 Elite Skirmisher
28:13 Fletching
28:23 Padded Archer Armor
29:25 Bodkin Arrow
31:02 Iron Casting
33:10 Scale Barding Armor
33:21 Leather Archer Armor
35:42 Chain Barding Armor
Connection lost

Rejoining the realm…

Still unreachable

The connection could not be restored.

Session expired

The server has moved on; the page needs a fresh start.